PL
BUFFALO WHITE WALKERS @ NORTHERN VIRGINIA RAINBOW MERMAIDS
08/09/2041
 
TOP OF THE 1ST
Buffalo White Walkers batting - Pitching for Northern Virginia Rainbow Mermaids : RHP Ricardo García
Pitching: RHP Ricardo García
Batting: LHB Jesús Lazcano 0-0: Called Strike
0-1: Swinging Strike
0-2: Ball
1-2: Fly out, F3 (Popup, 23F, EV 89.4 MPH)
Batting: LHB Dread Roberts 0-0: Fly out, F9 (Flyball, 9LMF, EV 82.5 MPH)
Batting: SHB Je-myung Yu 0-0: Called Strike
0-1: Foul Ball, location: 2F
0-2: Ball
1-2: Ground out 5-3 (Groundball, 56, EV 84.4 MPH)
Top of the 1st over - 0 runs, 0 hits, 0 errors, 0 left on base; Buffalo 0 - Northern Virginia 0
BOTTOM OF THE 1ST
Northern Virginia Rainbow Mermaids batting - Pitching for Buffalo White Walkers : RHP Damien Hayward
Pitching: RHP Damien Hayward
Batting: LHB Scott Kerin 0-0: Called Strike
0-1: SOLO HOME RUN (Flyball, 7D, EV 107.5 MPH), Distance : 390 ft
Pitching: LHP Masamichi Nakagawa
Batting: LHB Rylen Roersma 0-0: Ball
1-0: Foul Ball, location: 2F
1-1: Fly out, F8 (Flyball, 78M, EV 79.4 MPH)
Batting: RHB Rob Brooks 0-0: Ball
1-0: Ball
2-0: Called Strike
2-1: Foul Ball, location: 2F
2-2: SOLO HOME RUN (Flyball, 7D, EV 100.6 MPH), Distance : 388 ft
Batting: LHB Ryder Ringor 0-0: Foul Ball, location: 2F
0-1: Ball
1-1: Ground out U3 (Groundball, 3S, EV 68.8 MPH)
Batting: RHB Mario Castillo 0-0: Swinging Strike
0-1: Ball
1-1: Swinging Strike
1-2: Foul Ball, location: 2F
1-2: Ball
2-2: Strikes out looking
Bottom of the 1st over - 2 runs, 2 hits, 0 errors, 0 left on base; Buffalo 0 - Northern Virginia 2
TOP OF THE 2ND
Buffalo White Walkers batting - Pitching for Northern Virginia Rainbow Mermaids : RHP Ricardo García
Batting: LHB Jorge Herrera 0-0: Foul Ball, location: 2F
0-1: Swinging Strike
0-2: Ball
1-2: Ground out U3 (Groundball, 3, EV 80.6 MPH)
Batting: RHB Tom Smythe 0-0: Called Strike
0-1: Called Strike
0-2: Strikes out swinging
Batting: SHB Tom Dickinson 0-0: Foul Ball, location: 2F
0-1: Ball
1-1: DOUBLE (Groundball, 5L, EV 108.1 MPH)
Batting: RHB Eddie Sachs 0-0: Ball
1-0: Foul Ball, location: 2F
1-1: Ball
2-1: Called Strike
2-2: Strikes out swinging
Top of the 2nd over - 0 runs, 1 hit, 0 errors, 1 left on base; Buffalo 0 - Northern Virginia 2
BOTTOM OF THE 2ND
Northern Virginia Rainbow Mermaids batting - Pitching for Buffalo White Walkers : LHP Masamichi Nakagawa
Batting: LHB Tony Goodwin 0-0: Swinging Strike
0-1: Ball
1-1: Swinging Strike
1-2: Ball
2-2: Ball
3-2: Fly out, F8 (Flyball, 8LS, EV 90.6 MPH)
Batting: RHB Manuel Márquez 0-0: Ball
1-0: Ground out 5-3 (Groundball, 56, EV 85.0 MPH)
Batting: LHB Jeff Washington 0-0: Called Strike
0-1: Foul Ball, location: 2F
0-2: Ball
1-2: Foul Ball, location: 2F
1-2: Strikes out swinging
Bottom of the 2nd over - 0 runs, 0 hits, 0 errors, 0 left on base; Buffalo 0 - Northern Virginia 2
TOP OF THE 3RD
Buffalo White Walkers batting - Pitching for Northern Virginia Rainbow Mermaids : RHP Ricardo García
Batting: RHB José Santos 0-0: Ball
1-0: Foul Ball, location: 2F
1-1: Ground out U3 (Groundball, 34, EV 85.0 MPH)
Batting: RHB Cisco Feijoo 0-0: Fly out, F7 (Flyball, 7S, EV 86.9 MPH)
Batting: LHB Jesús Lazcano 0-0: Ground out 6-3 (Groundball, 6M, EV 101.9 MPH)
Top of the 3rd over - 0 runs, 0 hits, 0 errors, 0 left on base; Buffalo 0 - Northern Virginia 2
BOTTOM OF THE 3RD
Northern Virginia Rainbow Mermaids batting - Pitching for Buffalo White Walkers : LHP Masamichi Nakagawa
Batting: RHB Woong Byeon 0-0: Ball
1-0: Fly out, F7 (Flyball, 78S, EV 92.5 MPH)
Batting: LHB Scott Kerin 0-0: Ball
1-0: Ball
2-0: Foul Ball, location: 2F
2-1: Swinging Strike
2-2: Foul Ball, location: 2F
2-2: Ball
3-2: Fly out, F7 (Line Drive, 7D, EV 88.8 MPH)
Batting: LHB Rylen Roersma 0-0: Ball
1-0: Ball
2-0: Ball
3-0: Called Strike
3-1: Swinging Strike
3-2: Strikes out looking
Bottom of the 3rd over - 0 runs, 0 hits, 0 errors, 0 left on base; Buffalo 0 - Northern Virginia 2
TOP OF THE 4TH
Buffalo White Walkers batting - Pitching for Northern Virginia Rainbow Mermaids : RHP Ricardo García
Batting: LHB Dread Roberts 0-0: Called Strike
0-1: Foul Ball, location: 2F
0-2: Ball
1-2: Foul Ball, location: 2F
1-2: Ground out U3 (Groundball, 34, EV 93.1 MPH)
Batting: SHB Je-myung Yu 0-0: Called Strike
0-1: Ground out 3-1 (Groundball, 34, EV 78.8 MPH)
Batting: LHB Jorge Herrera 0-0: Called Strike
0-1: Fly out, F7 (Flyball, 78D, EV 91.9 MPH)
Top of the 4th over - 0 runs, 0 hits, 0 errors, 0 left on base; Buffalo 0 - Northern Virginia 2
BOTTOM OF THE 4TH
Northern Virginia Rainbow Mermaids batting - Pitching for Buffalo White Walkers : LHP Masamichi Nakagawa
Batting: RHB Rob Brooks 0-0: Called Strike
0-1: Ball
1-1: Ball
2-1: Ball
3-1: Base on Balls
Batting: LHB Ryder Ringor 0-0: Ball
1-0: Ball
2-0: Fly out, F7 (Flyball, 78M, EV 84.4 MPH)
Batting: RHB Mario Castillo 0-0: Called Strike
0-1: SINGLE (Line Drive, 9LS, EV 99.4 MPH)
Rob Brooks to second
Runner from 2nd tries for 3rd, SAFE, no throw by RF
Pitching: LHP Sjaak Bonne
Batting: LHB Tony Goodwin 0-0: Called Strike
0-1: Ball
1-1: Ball
2-1: Foul Ball, location: 2F
2-2: Fielders Choice at 2nd, 6-4 (Groundball, 6, EV 86.9 MPH)
Rob Brooks scores
Batting: RHB Manuel Márquez 0-0: Ball
Tony Goodwin steals 2nd base
1-0: Swinging Strike
1-1: Swinging Strike
1-2: SINGLE (Groundball, 6MD, EV 104.4 MPH)
Tony Goodwin to third
Runner from 3rd tries for Home, SAFE, throw by CF to home
Batting: LHB Jeff Washington 0-0: Called Strike
0-1: Ball
1-1: Ball
2-1: SINGLE (Groundball, 6S, EV 68.1 MPH) (infield hit)
Manuel Márquez to second
Batting: RHB Woong Byeon 0-0: Fly out, F8 (Flyball, 8LM, EV 81.9 MPH)
Bottom of the 4th over - 2 runs, 3 hits, 0 errors, 2 left on base; Buffalo 0 - Northern Virginia 4
TOP OF THE 5TH
Buffalo White Walkers batting - Pitching for Northern Virginia Rainbow Mermaids : RHP Ricardo García
Batting: RHB Tom Smythe 0-0: Fly out, F8 (Line Drive, 8RM, EV 106.9 MPH)
Batting: SHB Tom Dickinson 0-0: Ball
1-0: Ball
2-0: Swinging Strike
2-1: Swinging Strike
2-2: Ground out 6-3 (Groundball, 6, EV 85.0 MPH)
Batting: RHB Eddie Sachs 0-0: Swinging Strike
0-1: Foul Ball, location: 2F
0-2: Ball
1-2: Strikes out looking
Top of the 5th over - 0 runs, 0 hits, 0 errors, 0 left on base; Buffalo 0 - Northern Virginia 4
BOTTOM OF THE 5TH
Northern Virginia Rainbow Mermaids batting - Pitching for Buffalo White Walkers : LHP Sjaak Bonne
Batting: LHB Scott Kerin 0-0: Ball
1-0: Ball
2-0: Foul Ball, location: 2F
2-1: Swinging Strike
2-2: Ground out 6-3 (Groundball, 6M, EV 83.1 MPH)
Batting: LHB Rylen Roersma 0-0: Ball
1-0: Ball
2-0: Foul Ball, location: 2F
2-1: Foul Ball, location: 2F
2-2: Ball
3-2: Foul Ball, location: 2F
3-2: Hit by Pitch
Batting: RHB Rob Brooks 0-0: Foul Ball, location: 2F
0-1: Ball
1-1: SINGLE (Line Drive, 34D, EV 103.8 MPH)
Rylen Roersma to second
Runner from 2nd tries for 3rd, SAFE, throw by RF made to third
Batting: LHB Ryder Ringor 0-0: Ball
1-0: Ball
2-0: Called Strike
2-1: Ball
3-1: Called Strike
3-2: Fly out, F8 (Flyball, 8RS, EV 85.0 MPH)
Batting: RHB Mario Castillo 0-0: DOUBLE (Flyball, 8RXD, EV 105.6 MPH)
Rylen Roersma scores
Rob Brooks to third
Runner from 3rd tries for Home, SAFE, throw by CF to trailing runner, OUT at third! 8-4-5
Bottom of the 5th over - 2 runs, 2 hits, 0 errors, 0 left on base; Buffalo 0 - Northern Virginia 6
TOP OF THE 6TH
Buffalo White Walkers batting - Pitching for Northern Virginia Rainbow Mermaids : RHP Ricardo García
Batting: RHB José Santos 0-0: Ball
1-0: Ball
2-0: Foul Ball, location: 2F
2-1: Ground out 5-3 (Groundball, 5, EV 109.4 MPH)
Batting: RHB Cisco Feijoo 0-0: Ground out 6-3 (Groundball, 6, EV 83.8 MPH)
Batting: LHB Jesús Lazcano 0-0: Called Strike
0-1: Reached on error, E6 (Groundball, 6, EV 89.4 MPH)
Batting: LHB Dread Roberts 0-0: Ball
Wild Pitch!
Jesús Lazcano to second
1-0: Ball
2-0: Ball
3-0: Called Strike
3-1: Foul Ball, location: 2F
3-2: Foul Ball, location: 2F
3-2: Base on Balls
Batting: SHB Je-myung Yu 0-0: Foul Ball, location: 2F
0-1: Foul Ball, location: 2F
0-2: Ground out 1-3 (Groundball, 23, EV 81.2 MPH)
Top of the 6th over - 0 runs, 0 hits, 1 error, 2 left on base; Buffalo 0 - Northern Virginia 6
BOTTOM OF THE 6TH
Northern Virginia Rainbow Mermaids batting - Pitching for Buffalo White Walkers : LHP Sjaak Bonne
Batting: LHB Tony Goodwin 0-0: Ground out 5-3 (Groundball, 5, EV 80.0 MPH)
Batting: RHB Manuel Márquez 0-0: Fly out, F4 (Line Drive, 4, EV 70.0 MPH)
Batting: LHB Jeff Washington 0-0: Ball
1-0: Ball
2-0: Called Strike
2-1: Foul Ball, location: 2F
2-2: Strikes out swinging
Bottom of the 6th over - 0 runs, 0 hits, 0 errors, 0 left on base; Buffalo 0 - Northern Virginia 6
TOP OF THE 7TH
Buffalo White Walkers batting - Pitching for Northern Virginia Rainbow Mermaids : RHP Ricardo García
Batting: LHB Jorge Herrera 0-0: Fly out, F9 (Flyball, 9D, EV 86.2 MPH)
Batting: RHB Tom Smythe 0-0: Ball
1-0: Ground out 4-3 (Groundball, 4, EV 90.0 MPH)
Batting: SHB Tom Dickinson 0-0: Ball
1-0: DOUBLE (Line Drive, 89M, EV 93.1 MPH)
Batting: RHB Eddie Sachs 0-0: Called Strike
0-1: Fly out, F3 (Popup, 34, EV 78.8 MPH)
Top of the 7th over - 0 runs, 1 hit, 0 errors, 1 left on base; Buffalo 0 - Northern Virginia 6
BOTTOM OF THE 7TH
Northern Virginia Rainbow Mermaids batting - Pitching for Buffalo White Walkers : LHP Sjaak Bonne
Batting: RHB Woong Byeon 0-0: Fly out, F8 (Flyball, 8LXD, EV 84.4 MPH)
Batting: LHB Scott Kerin 0-0: Ball
1-0: Called Strike
1-1: Foul Ball, location: 2F
1-2: Strikes out swinging
Batting: LHB Rylen Roersma 0-0: Called Strike
0-1: Foul Ball, location: 2F
0-2: Foul Ball, location: 2F
0-2: SINGLE (Groundball, 4D, EV 106.2 MPH)
Batting: RHB Rob Brooks 0-0: DOUBLE (Flyball, 89D, EV 111.2 MPH)
Rylen Roersma to third
Rylen Roersma scores
Pitching: RHP Woodward Haberdash
Pinch Hitting: RHB Víctor Bojórquez 0-0: Ball
1-0: Ground out 5-3 (Groundball, 56S, EV 80.6 MPH)
Bottom of the 7th over - 1 run, 2 hits, 0 errors, 1 left on base; Buffalo 0 - Northern Virginia 7
TOP OF THE 8TH
Buffalo White Walkers batting - Pitching for Northern Virginia Rainbow Mermaids : RHP Ricardo García
Now at 3B: Víctor Bojórquez
Pinch Hitting: RHB Takashi Miike 0-0: Foul Ball, location: 2F
0-1: SINGLE (Line Drive, 8RS, EV 88.8 MPH)
Batting: RHB Cisco Feijoo 0-0: Ball
1-0: Swinging Strike
1-1: Ball
2-1: SINGLE (Groundball, 5S, EV 60.6 MPH) (infield hit)
Takashi Miike to second
Batting: LHB Jesús Lazcano 0-0: Called Strike
0-1: Fielders Choice at 2nd, 4-6 (Groundball, 34, EV 85.6 MPH)
Takashi Miike to third
Pinch Hitting: LHB Alexis Raimbault 0-0: Foul Ball, location: 2F
0-1: Ground out 3-1 (Groundball, 34, EV 80.0 MPH)
Takashi Miike scores
Jesús Lazcano to second
Batting: SHB Je-myung Yu 0-0: Called Strike
0-1: Ball
1-1: Ball
2-1: Foul Ball, location: 2F
2-2: Ground out 3-1 (Groundball, 34, EV 106.2 MPH)
Top of the 8th over - 1 run, 2 hits, 0 errors, 1 left on base; Buffalo 1 - Northern Virginia 7
BOTTOM OF THE 8TH
Northern Virginia Rainbow Mermaids batting - Pitching for Buffalo White Walkers : RHP Woodward Haberdash
Now at 2B: Takashi Miike
Now in LF: Alexis Raimbault
Batting: RHB Mario Castillo 0-0: Ball
1-0: Called Strike
1-1: Fly out, F7 (Flyball, 7S, EV 86.2 MPH)
Batting: LHB Tony Goodwin 0-0: Ball
1-0: Called Strike
1-1: Ground out 5-3 (Groundball, 56, EV 97.5 MPH)
Batting: RHB Manuel Márquez 0-0: Called Strike
0-1: Ball
1-1: Ground out 6-3 (Groundball, 6M, EV 81.9 MPH)
Bottom of the 8th over - 0 runs, 0 hits, 0 errors, 0 left on base; Buffalo 1 - Northern Virginia 7
TOP OF THE 9TH
Buffalo White Walkers batting - Pitching for Northern Virginia Rainbow Mermaids : RHP Ricardo García
Batting: LHB Jorge Herrera 0-0: Called Strike
0-1: Called Strike
0-2: Strikes out looking
Batting: RHB Tom Smythe 0-0: Ball
1-0: Called Strike
1-1: Ball
2-1: Foul Ball, location: 2F
2-2: Ground out 4-3 (Groundball, 4, EV 97.5 MPH)
Batting: SHB Tom Dickinson 0-0: Ball
1-0: Foul Ball, location: 2F
1-1: Called Strike
1-2: Foul Ball, location: 2F
1-2: Ball
2-2: Foul Ball, location: 2F
2-2: Ball
3-2: Strikes out looking
Top of the 9th over - 0 runs, 0 hits, 0 errors, 0 left on base; Buffalo 1 - Northern Virginia 7
Tuesday, January 5th, 2021 - OOTP Baseball 20.8 Build 74